 Dungeon Crawl Stone Soup version 0.27-a0-1301-g128193abf8 (webtiles) character file.

Game seed: 14743844172670665825

461 tirwA the Slasher (level 7, -1/56 HPs)
             Began as a Barachi Berserker on June 17, 2021.
             Was a Believer of Trog.
             Succumbed to a water moccasin's poison
             ... on level 4 of the Dungeon.
             The game lasted 00:18:36 (4116 turns).

tirwA the Slasher (Barachi Berserker)               Turns: 4116, Time: 00:18:37

Health: -1/56      AC:  9    Str: 19    XL:     7   Next: 7%
Magic:  7/7        EV:  8    Int:  8    God:    Trog [**....]
Gold:   167        SH:  0    Dex: 12    Spells: 6/6 levels left

rFire    . . .     SeeInvis .   a - +1 falchion
rCold    . . .     Faith    .   (no shield)
rNeg     . . .     Spirit   .   i - +0 chain mail
rPois    .         Reflect  .   (no helmet)
rElec    .         Harm     .   (no cloak)
rCorr    .         Rampage  .   (no gloves)
Will     ++...                  (no boots)
Stlth    ..........             (no amulet)
HPRegen  1.18/turn              (no ring)
MPRegen  0.10/turn              (no ring)

@: lethally poisoned (-1 -> -10), strong-willed, regenerating, slow
A: amphibious, slowness 1, strong legs 1, +LOS
a: Hop, Renounce Religion, Berserk, Trog's Hand


You were on level 4 of the Dungeon.
You worshipped Trog.
Trog was pleased with you.
You visited 1 branch of the dungeon, and saw 4 of its levels.

You collected 167 gold pieces.

Inventory:

Hand Weapons
 a - a +1 falchion (weapon)
Armour
 i - a +0 chain mail (worn)
Wands
 e - a wand of iceblast (8)
Scrolls
 f - a scroll of teleportation
 g - a scroll of fog
 j - a scroll of noise {unknown}
 k - a scroll of holy word {unknown}
 l - a scroll of identify
 m - a scroll of enchant armour {unknown}
 n - a scroll of magic mapping {unknown}
Potions
 b - a potion of degeneration {unknown}
 d - 2 potions of flight {unknown}
 h - 2 potions of resistance {unknown}


   Skills:
 + Level 5.3 Fighting
 + Level 6.1 Long Blades
 + Level 5.2 Armour
 + Level 3.2 Dodging
 + Level 1.1 Stealth


You had 6 spell levels left.
You didn't know any spells.
Your spell library was empty.

Dungeon Overview and Level Annotations

Branches:
Dungeon (4/15)
 Temple: D:4-7

Altars:

Shops:
D:2 (


Innate Abilities, Weirdness & Mutations

You are amphibious.
You cover ground slowly.
You can hop short distances.
You have an extended range of vision and can be seen from far away.


Message History

You feel very sick. The water moccasin bites you.
You miss the water moccasin.
The water moccasin is heavily wounded.
You feel sick.
The water moccasin bites you but does no damage.
The water moccasin barely misses you.
You barely miss the water moccasin.
The water moccasin is heavily wounded.
You feel sick. The water moccasin bites you.
You are more poisoned.
The water moccasin poisons you!
You hit the water moccasin.
The water moccasin is severely wounded.
You feel very sick. The water moccasin barely misses you.
You riposte.
Your chain mail prevents you from hitting the water moccasin.
The water moccasin is severely wounded.
You miss the water moccasin.
The water moccasin is severely wounded.
You feel very sick. The water moccasin bites you.
The water moccasin barely misses you.
You riposte.
You completely miss the water moccasin.
The water moccasin is severely wounded.
You hit the water moccasin.
The water moccasin is almost dead.
You feel very sick. The water moccasin bites you!
* * * LOW HITPOINT WARNING * * *
Okay, then.
You barely miss the water moccasin.
The water moccasin is almost dead.
You feel sick. The water moccasin bites you.
* * * LOW HITPOINT WARNING * * *
You are more poisoned.
The water moccasin poisons you! The water moccasin bites you.
* * * LOW HITPOINT WARNING * * *
Your skin crawls.
You feel strong-willed.
You die...

......#...##..#####...
##....###.....#
##.#...(.....# .
###......#....# ..
....).#.##....# ...
....###....##### .. ..#.#
####.. ...####.# .....
...#### #......###. .....
...# #@S....... .....
..... ##.########
.........#.####..#
................## ....
...##....################
............##..........#
.....##..##..#..........#
..........[.............#
##..########...:........#


You could see a water moccasin.

Vanquished Creatures
  Purgy (D:3)
  2 scorpions (D:4)
  2 hounds
  Jessica (D:3)
  Ijyb (D:3)
  Terence (D:3)
  An orc wizard (D:3)
  An adder (D:3)
  2 worms (D:3)
  2 dart slugs (D:1)
  6 orcs (D:3)
  6 ball pythons
  7 endoplasms
  6 giant cockroaches
  4 goblins
  6 hobgoblins
  4 quokkas
  4 bats
  2 frilled lizards
  6 kobolds
  5 rats
70 creatures vanquished.

Notes
Turn   | Place    | Note
-------+----------+-------------------------------------------
     0 | D:1      | tirwA the Barachi Berserker began the quest for the Orb.
     0 | D:1      | Reached XP level 1. HP: 18/18 MP: 1/1
   137 | D:1      | Reached XP level 2. HP: 25/25 MP: 2/2
   164 | D:1      | Found a faded altar of an unknown god.
   358 | D:1      | Reached skill level 4 in Long Blades
   944 | D:1      | Reached XP level 3. HP: 27/30 MP: 3/3
  1594 | D:2      | Found Raliy's Weapon Boutique.
  1648 | D:2      | Reached ** piety under Trog
  2109 | D:3      | Reached XP level 4. HP: 8/37 MP: 4/4
  2497 | D:3      | Noticed Purgy
  2514 | D:3      | Killed Purgy
  2515 | D:3      | Reached skill level 5 in Long Blades
  2515 | D:3      | Reached skill level 1 in Stealth
  2515 | D:3      | Reached XP level 5. HP: 43/43 MP: 5/5
  2601 | D:3      | Noticed Terence
  2603 | D:3      | Noticed Jessica
  2617 | D:3      | Killed Terence
  2625 | D:3      | Killed Jessica
  2775 | D:3      | Noticed Ijyb
  2800 | D:3      | Killed Ijyb
  2801 | D:3      | Reached skill level 5 in Fighting
  2801 | D:3      | Reached XP level 6. HP: 48/51 MP: 6/6
  3805 | D:4      | Noticed a water moccasin
  3867 | D:4      | Reached skill level 6 in Long Blades
  4034 | D:4      | Reached skill level 5 in Armour
  4034 | D:4      | Reached XP level 7. HP: 51/56 MP: 7/7
  4115 | D:4      | HP: 2/56 [water moccasin (4)]
  4116 | D:4      | Succumbed to a water moccasin's poison

Illustrated notes

Levels and vault maps discovered:
D:1:      elethiomel_arrival_infinity_welcomes_careful_drivers,
          layout_loops_ring, shapermc_ecumenical_altar_notcrosses
D:2:      layout_loops_ring, serial_shops, nicolae_diamond_shop,
          guppyfry_early_lair_pool
D:3:      layout_basic, amcnicky_mini_pool_small, uniq_jessica, uniq_terence,
          uniq_ijyb, uniq_purgy
D:4:      layout_rooms, nicolae_vehumet_radiance, lemuel_round_altar,
          ebering_ghost_disaster_area

Skill      XL: |  1  2  3  4  5  6 |
---------------+-------------------+-----
Long Blades    | 4 5 6 |  6.1
Fighting       | 4 5 |  5.3
Armour         | 3 5 |  5.2
Dodging        | 3 |  3.2
Stealth        | 1 |  1.1

Action                   |  1- 3 |  4- 6 |  7- 9 || total
-------------------------+-------+-------+-------++-------
Melee: Falchion          |    98 |   180 |    23 ||   301
Invok: Trog's Hand       |       |     3 |     1 ||     4
       Berserk           |       |     2 |       ||     2
 Abil: Hop               |     1 |     3 |       ||     4
  Use: Scroll            |     5 |     1 |       ||     6
       Potion            |       |     2 |       ||     2
 Stab: Sleeping          |     2 |       |       ||     2
Armor: Animal skin       |    19 |       |       ||    19
       Ring mail         |     7 |    17 |       ||    24
       Chain mail        |       |    71 |     4 ||    75
Dodge: Dodged            |    73 |    67 |    15 ||   155
       Rpst.: Falchion   |    19 |    16 |     8 ||    43

Table legend: (Time is in decaauts)
 A = Elapsed time spent in this place.
 B = Non-inter-level travel time spent in this place.
 C = Inter-level travel time spent in this place.
 D = Time resting spent in this place.
 E = Time spent auto-exploring this place.
 F = Levels seen in this place.
 G = Mean time per level.
                   A        B        C        D        E       F      G
               +--------+--------+--------+--------+--------+-----+--------+
         Total |   4544 |   4456 |     88 |    485 |   3318 |   4 | 1136.0 |
       Dungeon |   4544 |   4456 |     88 |    485 |   3318 |   4 | 1136.0 |
               +--------+--------+--------+--------+--------+-----+--------+

Top non-repeatable levels by time:
     D:3: 1532 daAuts
     D:1: 1436 daAuts
     D:2: 1157 daAuts
     D:4: 417 daAuts
